 Dungeon Crawl Stone Soup version 0.29.1-1-gd02db6906a (webtiles) character file.

Game seed: 11822560475938422758

7880 hobodrago the Grappler (level 11, -4/109 HPs)
             Began as a Troll Fighter on Oct 9, 2022.
             Was a High Priest of Okawaru.
             Slain by an unseen horror (7 damage)
             ... on level 10 of the Dungeon.
             The game lasted 00:16:13 (8170 turns).

hobodrago the Grappler (Troll Fighter)              Turns: 8170, Time: 00:16:14

Health: -4/109     AC: 12    Str: 36    XL:     11   Next: 2%
Magic:  10/10      EV:  8    Int:  4    God:    Okawaru [*****.]
Gold:   99         SH:  9    Dex:  9    Spells: 10/10 levels left

rFire   . . .      SeeInvis .     - Unarmed
rCold   . . .      Faith    .   b - +0 kite shield
rNeg    . . .      Spirit   .   B - +0 swamp dragon scales
rPois   +          Reflect  .   y - +0 hat
rElec   .          Harm     .   e - +2 cloak
rCorr   .          Rampage  .   (gloves unavailable)
Will    .....                   (boots unavailable)
Stlth   ..........              (no amulet)
HPRegen 1.08/turn               u - ring of flight
MPRegen 0.12/turn               H - +6 ring of strength

@: flying
A: large, unfitting armour, claws 3, regeneration 1, shaggy fur 1, tough skin 1
a: Renounce Religion, Heroism, Finesse, Duel


You were on level 10 of the Dungeon.
You worshipped Okawaru.
Okawaru was extremely pleased with you.
You visited 2 branches of the dungeon, and saw 11 of its levels.

You collected 436 gold pieces.
You spent 337 gold pieces at shops.

Inventory:

Armour
 a - a +0 robe
 b - a +0 kite shield (worn)
 e - a +2 cloak (worn)
 y - a +0 hat (worn)
 B - +0 swamp dragon scales (worn)
 C - +0 acid dragon scales
Jewellery
 n - a ring of ice
 u - a ring of flight (left claw)
 A - a ring of positive energy
 H - a +6 ring of strength (right claw)
 M - a ring of wizardry
Wands
 E - a wand of roots (3)
 K - a wand of polymorph (2)
Scrolls
 d - 3 scrolls of amnesia {unknown}
 f - 6 scrolls of magic mapping {unknown}
 h - 4 scrolls of teleportation {unknown}
 i - 2 scrolls of vulnerability {unknown}
 j - 2 scrolls of enchant weapon {unknown}
 k - 2 scrolls of fear {unknown}
 m - 7 scrolls of identify {unknown}
 p - 4 scrolls of enchant armour {unknown}
 q - a scroll of torment {unknown}
 r - a scroll of fog {unknown}
 s - a scroll of brand weapon {unknown}
 x - a scroll of noise
 I - 2 scrolls of poison {unknown}
Potions
 c - 2 potions of curing
 g - 5 potions of haste
 l - 5 potions of heal wounds {unknown}
 o - 2 potions of attraction {unknown}
 t - a potion of degeneration {unknown}
 v - a potion of flight {unknown}
 w - 2 potions of lignification {unknown}
 z - a potion of might
 D - a potion of brilliance {unknown}
 F - a potion of berserk rage {unknown}
 G - a potion of mutation
 L - a potion of magic {unknown}
Miscellaneous
 J - a lightning rod (4/4)


   Skills:
 + Level 7.6 Fighting
 - Level 2.4 Dodging
 + Level 8.3 Shields
 * Level 12.2 Unarmed Combat


You had 10 spell levels left.
You didn't know any spells.
Your spell library contained the following spells:

 Spells                   Type           Power      Damage    Failure   Level
 Dazzling Flash           Conj/Hex       0%         N/A       99%         3
 Anguish                  Hex/Necr       0%         N/A       100%        4
 Agony                    Necr           0%         N/A       100%        5
 Silence                  Hex/Air        0%         N/A       100%        5
 Enfeeble                 Hex            0%         N/A       100%        7


Dungeon Overview and Level Annotations

Branches:
Dungeon (10/15)            Temple (1/1) D:4            Lair (0/5) D:9
    Orc: D:9-12

Altars:
Ashenzari
Cheibriados
Dithmenos
Elyvilon
Fedhas
Gozag
Hepliaklqana
Kikubaaqudgha
Makhleb
Nemelex Xobeh
Okawaru
Qazlal
Ru
Sif Muna
Trog
Uskayaw
Vehumet
Wu Jian
Xom
Yredelemnul
Zin
The Shining One

Shops:
D:7 ?   D:9 ![!!


Innate Abilities, Weirdness & Mutations

You are too large for most types of armour.
You have claws for hands.
Your natural rate of healing is unusually fast.
You are covered in fur. (AC +1)
You have tough skin. (AC +1)


Message History

You see here a killer bee corpse.
Something hits you but does no damage.
You scratch something but do no damage.
Something hits you but does no damage. x2
Something hits you. Something hits you but does no damage. Something hits you.
Something hits you but does no damage. Something hits you.
You scratch something.
Something hits you but does no damage. x2
Something hits you.
You see here a killer bee corpse.
Something hits you! Something hits you. You block something's attack.
Something hits you but does no damage. Something hits you but does no damage.
You block something's attack. Something hits you but does no damage.
You block something's attack. Something hits you.
You see here a killer bee corpse.
Something hits you! x2
* * * LOW HITPOINT WARNING * * *
Something hits you!
* * * LOW HITPOINT WARNING * * *
Something hits you.
* * * LOW HITPOINT WARNING * * *
Something hits you.
* * * LOW HITPOINT WARNING * * *
Something hits you.
* * * LOW HITPOINT WARNING * * *
You block something's attack. Something hits you but does no damage.
Something hits you.
* * * LOW HITPOINT WARNING * * *
Something hits you but does no damage. Something hits you!
* * * LOW HITPOINT WARNING * * *
Something hits you.
* * * LOW HITPOINT WARNING * * *
Something hits you.
* * * LOW HITPOINT WARNING * * *
Something hits you but does no damage.
There is a stone staircase leading down here.
Something hits you!
You die...

# ..... #..#####..##
. ....[.#####..# #..#
. .............# #..#
#
............#####..##
...............†.....
#..........†.......
#.........#####..##
#.{.......# #..#
#.@.......# #..#
#.........# #..#
#.........# #..#
#.........# #..#
#.........# #..#
#.........# #..#
########### ####


There were no monsters in sight!

Vanquished Creatures
  Gastronok (D:8)
  A two-headed ogre (D:8)
  Maggie (D:8)
  A komodo dragon (D:9)
  A troll (D:10)
  2 wyverns
  6 yaks (D:10)
  A steam dragon (D:9)
  Menkaure (D:5)
  An acid dragon (D:8)
  4 orc warriors
  4 black bears
  An ice beast (D:7)
  4 centaurs
  2 ogres (D:7)
  A phantom (D:5)
  A bullfrog (D:9)
  A kobold brigand (D:10)
  A necrophage (D:5)
  4 scorpions
  3 wights (D:7)
  17 killer bees
  A howler monkey (D:6)
  8 hounds
  A gnoll bouda (D:9)
  4 jellies
  3 orc priests
  4 iguanas
  13 orc wizards
  12 adders
  8 gnolls
  A shadow imp (D:7)
  3 white imps
  4 dart slugs
  2 worms (D:4)
  33 orcs
  3 bats
  7 endoplasms
  4 giant cockroaches
  4 hobgoblins
  2 jackals (D:4)
  3 quokkas
  6 ball pythons
  2 frilled lizards
  5 goblins
  12 kobolds
  3 rats
207 creatures vanquished.

Vanquished Creatures (others)
  An orc wizard (D:4)
  6 plants (D:9)
7 creatures vanquished.

Grand Total: 214 creatures vanquished

Notes
Turn   | Place    | Note
-------+----------+-------------------------------------------
     0 | D:1      | hobodrago the Troll Fighter began the quest for the Orb.
     0 | D:1      | Reached XP level 1. HP: 22/22 MP: 0/0
   119 | D:2      | Reached XP level 2. HP: 29/29 MP: 1/1
   287 | D:4      | Reached XP level 3. HP: 36/36 MP: 2/2
   311 | D:4      | Reached skill level 3 in Unarmed Combat
   320 | D:4      | Noticed a black bear
   336 | D:4      | Killed a black bear
   337 | D:4      | Reached XP level 4. HP: 25/45 MP: 3/3
   337 | D:4      | Reached XP level 5. HP: 29/53 MP: 4/4
   392 | D:4      | Reached skill level 4 in Unarmed Combat
   707 | D:4      | Found a staircase to the Ecumenical Temple.
   716 | Temple   | Entered the Ecumenical Temple
  1003 | Temple   | Became a worshipper of Warmaster Okawaru
  1086 | D:4      | Reached XP level 6. HP: 60/61 MP: 5/5
  1117 | D:3      | Found a faded altar of an unknown god.
  1823 | D:2      | Found a sparkling altar of Nemelex Xobeh.
  2908 | D:4      | Reached skill level 5 in Unarmed Combat
  3317 | D:5      | Entered Level 5 of the Dungeon
  3321 | D:5      | Noticed an orc warrior
  3339 | D:4      | Killed an orc warrior
  3403 | D:5      | Reached XP level 7. HP: 47/68 MP: 6/6
  3568 | D:5      | Noticed Menkaure
  3577 | D:5      | Killed Menkaure
  3577 | D:5      | Reached * piety under Okawaru
  3578 | D:5      | Reached skill level 6 in Unarmed Combat
  3921 | D:5      | Reached skill level 5 in Shields
  3921 | D:5      | Reached XP level 8. HP: 62/79 MP: 7/7
  3991 | D:5      | Reached skill level 7 in Unarmed Combat
  4129 | D:6      | Reached ** piety under Okawaru
  4229 | D:6      | Reached skill level 5 in Fighting
  4273 | D:6      | Reached skill level 8 in Unarmed Combat
  4953 | D:7      | Reached XP level 9. HP: 64/88 MP: 5/8
  5013 | D:7      | Found Eferhaaty's Magic Scroll Emporium.
  5026 | D:7      | Bought a scroll of noise for 15 gold pieces
  5166 | D:7      | Found a sacrificial altar of Ru.
  5178 | D:7      | Reached *** piety under Okawaru
  5213 | D:7      | Reached skill level 9 in Unarmed Combat
  5611 | D:8      | Noticed Gastronok
  5623 | D:8      | Killed Gastronok
  5624 | D:8      | Reached skill level 10 in Unarmed Combat
  5969 | D:8      | Noticed Maggie
  5983 | D:8      | Killed Maggie
  5984 | D:8      | Reached XP level 10. HP: 80/98 MP: 9/9
  6002 | D:8      | Reached **** piety under Okawaru
  6024 | D:8      | Noticed a two-headed ogre
  6031 | D:8      | Killed a two-headed ogre
  6063 | D:8      | Reached skill level 11 in Unarmed Combat
  6592 | D:9      | Found Xeskiwimn's Distillery.
  6614 | D:9      | Bought a potion of mutation for 128 gold pieces
  6614 | D:9      | Bought a potion of might for 64 gold pieces
  6675 | D:9      | Found a staircase to the Lair.
  6898 | D:9      | Found Feycs's Armour Shop.
  6919 | D:9      | Found Bavvotue's Distillery.
  7250 | D:9      | Found Zudaev's Distillery.
  7258 | D:9      | Bought a potion of haste for 130 gold pieces
  7641 | D:10     | Entered Level 10 of the Dungeon
  7660 | D:10     | Reached ***** piety under Okawaru
  7719 | D:10     | Reached skill level 12 in Unarmed Combat
  7719 | D:10     | HP: 5/102 [yak (8)]
  7721 | D:10     | HP: 2/102 [yak (5)]
  7861 | D:10     | Received a gift from Okawaru
  8110 | D:10     | Reached XP level 11. HP: 101/109 MP: 10/10
  8168 | D:10     | HP: 2/109 [something (5)]
  8170 | D:10     | Slain by an unseen horror

Illustrated notes

Levels and vault maps discovered:
D:1:      dpeg_arrival_ternary, layout_loops_cross, minmay_pentomino_u4
D:2:      layout_rooms, basic_altar
D:3:      layout_basic, shapermc_ecumenical_altar_starsandcircs
D:4:      layout_loops_corners, minmay_temple_entry_trees
D:5:      layout_loops_cross, uniq_menkaure
D:6:      layout_cave_pods, minivault_24
D:7:      layout_loops_ring, nicolae_ru_awakened_eye, serial_shops, shop
D:8:      layout_basic, eino_tiny_chamber, uniq_gastronok, uniq_maggie
D:9:      layout_irregular_city, david_lair_shrubbed, serial_shops, shop,
          nicolae_shop_crystal, nicolae_square_shop, nicolae_shop_hallway_stairs
D:10:     layout_small_grid
Temple:   mainiacjoe_temple_hex_bubbles

Skill      XL: |  1  2  3  4  5  6  7  8  9 10 |
---------------+-------------------------------+-----
Shields        | 3 4 5 6 7 8 |  8.3
Unarmed Combat | 3 4 5 6 8 10 12 | 12.2
Fighting       | 3 4 5 6 7 |  7.6
Dodging        | |  2.4

Action                   |  1- 3 |  4- 6 |  7- 9 | 10-12 || total
-------------------------+-------+-------+-------+-------++-------
Melee: Unarmed           |    75 |   183 |   202 |   200 ||   660
Invok: Heroism           |       |       |     2 |     5 ||     7
  Use: Potion            |     1 |     2 |       |     5 ||     8
 Stab: Sleeping          |       |     1 |       |       ||     1
Armor: Robe              |    43 |    69 |    50 |    11 ||   173
       Swamp dragon scal |       |       |       |   140 ||   140
Dodge: Dodged            |    44 |    45 |    52 |   100 ||   241
Block: Kite shield       |    30 |    50 |    66 |   142 ||   288
